[Event "41st Amateur D7"]
[Site "ChessGUI4"]
[Date "2013.07.04"]
[Round "3.2"]
[White "Tigran 2.3 64-bit"]
[Black "Gibbon 2.57a 64-bit"]
[Result "1/2-1/2"]
[BlackElo "2251"]
[ECO "D45"]
[EventDate "2013.??.??"]
[TimeControl "40/1500:40/1500:40/1500"]
[WhiteElo "2289"]

{ i5 Quad } 1.d4 d5 2.c4 c6 3.Nc3 Nf6 4.Nf3 e6 5.e3 a6 6.b3 Bb4 7.Bd2 Nbd7 8.Bd3 O-O 9.O-O Qe7
{ [%eval -28,13] [%emt 0:01:49] (Qe7) } 10.cxd5
{ [%eval 54,12] [%emt 0:00:42] (Qc2) } 10...exd5
{ [%eval -10,14] [%emt 0:01:24] (exd5) } 11.Qc2
{ [%eval 53,13] [%emt 0:00:42] (Na4) } 11...Re8
{ [%eval -5,12] [%emt 0:00:27] (Re8) } 12.Rfe1
{ [%eval 44,13] [%emt 0:00:42] (Na4) } 12...Qd8
{ [%eval 7,12] [%emt 0:00:34] (Bxc3) } 13.a3
{ [%eval 43,12] [%emt 0:00:43] (a3) } 13...Bd6
{ [%eval -1,12] [%emt 0:00:23] (Bxc3) } 14.e4
{ [%eval 56,13] [%emt 0:00:33] (Na4) } 14...dxe4
{ [%eval 17,12] [%emt 0:00:46] (dxe4) } 15.Nxe4
{ [%eval 63,14] [%emt 0:00:39] (Bxe4) } 15...Nxe4
{ [%eval 20,13] [%emt 0:00:54] (Nxe4) } 16.Bxe4
{ [%eval 59,14] [%emt 0:00:43] (Bxe4) } 16...Nf8
{ [%eval 25,13] [%emt 0:01:14] (Nf6) } 17.Bd3
{ [%eval 59,12] [%emt 0:00:42] (Bd3) } 17...Rxe1+
{ [%eval 18,12] [%emt 0:00:30] (Rxe1) } 18.Rxe1
{ [%eval 55,13] [%emt 0:00:44] (Rxe1) } 18...Be6
{ [%eval 26,12] [%emt 0:00:24] (Be6) } 19.a4
{ [%eval 48,12] [%emt 0: 00:44] (b4) } 19...Bd5
{ [%eval 29,11] [%emt 0:00:28] (Qc7) } 20.Be4
{ [%eval 38,12] [%emt 0:00:44] (Ng5) } 20...Bxe4
{ [%eval 42,13] [%emt 0:00:28] (Bxe4) } 21.Qxe4
{ [%eval 28,13] [%emt 0:00:45] (Qxe4) } 21...Nd7
{ [%eval 25,13] [%emt 0:00:37] (Ne6) } 22.Bg5
{ [%eval 54,12] [%emt 0:00:45] (b4) } 22...Qa5
{ [%eval 48,12] [%emt 0:00:11] (Qb6) } 23.h4
{ [%eval 33,12] [%emt 0:00:45] (Kh1) } 23...Rc8
{ [%eval 62,12] [%emt 0: 00:15] (Nf8) } 24.h5
{ [%eval 24,12] [%emt 0:00:45] (g3) } 24...h6
{ [%eval 63,12] [%emt 0:00:12] (h6) } 25.Bxh6
{ [%eval 23,14] [%emt 0:00:38] (Bxh6) } 25...Qxh5
{ [%eval 54,14] [%emt 0:00:22] (Nf6) } 26.Bg5
{ [%eval 51,13] [%emt 0:00:39] (Bg5) } 26...Nb6
{ [%eval 53,13] [%emt 0:00:11] (Rf8) } 27.a5
{ [%eval 28,14] [%emt 0:00:47] (Bf4) } 27...Nd5
{ [%eval 38,15] [%emt 0:00:21] (Nd5) } 28.Qf5
{ [%eval 13,14] [%emt 0: 00:44] (Qf5) } 28...Rf8
{ [%eval 51,14] [%emt 0:00:14] (Rb8) } 29.Qd7
{ [%eval 22,14] [%emt 0:00:48] (Qd7) } 29...Bb4
{ [%eval 49,14] [%emt 0:00:15] (Bb4) } 30.Re4
{ [%eval 20,13] [%emt 0:00:48] (Bd2) } 30...f5
{ [%eval 59,13] [%emt 0:00:13] (f5) } 31.Re5
{ [%eval 10,15] [%emt 0:00:49] (Rh4) } 31...Qf7
{ [%eval 73,14] [%emt 0:00:12] (Qf7) } 32.Qxf7+
{ [%eval 5,16] [%emt 0:00:40] (Qxf7) } 32...Rxf7
{ [%eval 66,15] [%emt 0:00:06] (Rxf7) } 33.Bd2
{ [%eval 0,17] [%emt 0:00:50] (Bd2) } 33...Bd6
{ [%eval 64,15] [%emt 0:00:12] (Bxd2) } 34.Re6
{ [%eval 5,17] [%emt 0:00:52] (Re6) } 34...Be7
{ [%eval 58,15] [%emt 0:00:23] (Rf6) } 35.Re1
{ [%eval 5,15] [%emt 0:00:52] (Re1) } 35...Rf8
{ [%eval 66,14] [%emt 0:00:12] (Rf8) } 36.g3
{ [%eval -3,15] [%emt 0: 00:53] (g3) } 36...Ba3
{ [%eval 59,13] [%emt 0:00:13] (g6) } 37.Re6
{ [%eval 5,15] [%emt 0:00:55] (Ng5) } 37...Nc7
{ [%eval 65,14] [%emt 0:00:20] (Be7) } 38.Re2
{ [%eval 9,15] [%emt 0:00:57] (Re5) } 38...Rd8
{ [%eval 76,14] [%emt 0:00:12] (Nd5) } 39.Kg2
{ [%eval 2,16] [%emt 0:00:59] (Kf1) } 39...Nb5
{ [%eval 84,15] [%emt 0:00:24] (Nb5) } 40.Bg5
{ [%eval 0,16] [%emt 0:01:05] (Re3) } 40...Rd7
{ [%eval 71,15] [%emt 0:00:28] (Rd7) } 41.Re8+
{ [%eval 13,15] [%emt 0:00:33] (Re8) } 41...Kh7
{ [%eval 63,16] [%emt 0:00:35] (Kh7) } 42.Be3
{ [%eval 11,15] [%emt 0:00:34] (Be3) } 42...Nc7
{ [%eval 64,16] [%emt 0:02:02] (Be7) } 43.Ng5+
{ [%eval 19,14] [%emt 0:00:34] (Re5) } 43...Kg6
{ [%eval 60,17] [%emt 0:00:45] (Kg6) } 44.Rb8
{ [%eval 14,15] [%emt 0:00:34] (Rb8) } 44...Nd5
{ [%eval 59,17] [%emt 0:00:53] (Nd5) } 45.Bd2
{ [%eval 16,15] [%emt 0:00: 27] (Nf3) } 45...Bd6
{ [%eval 93,13] [%emt 0:00:25] (Bd6) } 46.Rh8
{ [%eval 8,15] [%emt 0:00:34] (Ra8) } 46...Kf6
{ [%eval 79,15] [%emt 0:00:37] (f4) } 47.Nf3
{ [%eval 18,14] [%emt 0:00:34] (Nh7) } 47...f4
{ [%eval 69,15] [%emt 0:02:10] (f4) } 48.Re8
{ [%eval 11,13] [%emt 0:00:35] (g4) } 48...fxg3
{ [%eval 112,14] [%emt 0:00:24] (fxg3) } 49.fxg3
{ [%eval 10,15] [%emt 0:00:28] (fxg3) } 49...Nc7
{ [%eval 106,14] [%emt 0:00: 28] (Kf7) } 50.Re2
{ [%eval 41,13] [%emt 0:00:35] (Re1) } 50...Nb5
{ [%eval 110,15] [%emt 0:01:15] (Nd5) } 51.Re4
{ [%eval 27,12] [%emt 0:00:35] (b4) } 51...Kg6
{ [%eval 123,14] [%emt 0:00:34] (Kg6) } 52.Rh4
{ [%eval 11,12] [%emt 0:00:35] (Bg5) } 52...Re7
{ [%eval 129,14] [%emt 0:00:44] (Re7) } 53.Kf2
{ [%eval 3,13] [%emt 0:00:30] (Bf4) } 53...Kf5
{ [%eval 140,14] [%emt 0:00:27] (Re8) } 54.Bf4
{ [%eval -2,12] [%emt 0:00:35] (Rh7) } 54...Bc7
{ [%eval 113,14] [%emt 0:00:31] (Bb4) } 55.Bxc7
{ [%eval 26, 13] [%emt 0:00:29] (Bxc7) } 55...Nxc7
{ [%eval 116,15] [%emt 0:00:10] (Nxc7) } 56.Rh5+
{ [%eval 14,13] [%emt 0:00:36] (Rh5) } 56...Kf6
{ [%eval 89,17] [%emt 0:01:22] (Kf6) } 57.Rh8
{ [%eval 6,14] [%emt 0:00:36] (g4) } 57...Nb5
{ [%eval 108,15] [%emt 0:00:19] (Re8) } 58.Rd8
{ [%eval 9,13] [%emt 0:00:36] (g4) } 58...Nc3
{ [%eval 105,15] [%emt 0: 00:23] (Re4) } 59.Ne5
{ [%eval 12,13] [%emt 0:00:30] (Rf8) } 59...Ne4+
{ [%eval 124,16] [%emt 0:00:43] (Ne4) } 60.Kg2
{ [%eval 11,14] [%emt 0:00:37] (Kg2) } 60...Nd2
{ [%eval 115,16] [%emt 0:00:34] (g5) } 61.Rf8+
{ [%eval 0,13] [%emt 0:00:37] (b4) } 61...Ke6
{ [%eval 126,17] [%emt 0:00:21] (Ke6) } 62.b4
{ [%eval 0,15] [%emt 0:00:37] (b4) } 62...Kd5
{ [%eval 113,16] [%emt 0:00:20] (Kd5) } 63.Rd8+
{ [%eval 0,15] [%emt 0: 00:34] (Rd8) } 63...Ke4
{ [%eval 118,17] [%emt 0:00:29] (Ke4) } 64.Ng6
{ [%eval 0,16] [%emt 0:00:38] (Ng4) } 64...Rf7
{ [%eval 119,17] [%emt 0:00:17] (Rf7) } 65.Ne5
{ [%eval 0,15] [%emt 0:00:38] (Ne5) } 65...Rc7
{ [%eval 99,18] [%emt 0:01:16] (Re7) } 66.Ng4
{ [%eval -12,15] [%emt 0:00:34] (Ng4) } 66...Nb3
{ [%eval 104,15] [%emt 0:00:19] (Kd3) } 67.Nf2+
{ [%eval -3,15] [%emt 0:00:39] (Nf2) } 67...Ke3
{ [%eval 92,17] [%emt 0:00:25] (Ke3) } 68.d5
{ [%eval -4,16] [%emt 0:00:39] (d5) } 68...cxd5
{ [%eval 97,16] [%emt 0:00:27] (cxd5) } 69.Rxd5
{ [%eval -4,15] [%emt 0:00:39] (Rxd5) } 69...Nd4
{ [%eval 95,16] [%emt 0:00:19] (Nd4) } 70.Re5+
{ [%eval -20,14] [%emt 0:00:40] (Re5) } 70...Kd2
{ [%eval 95,14] [%emt 0:00:00] (Kd2) } 71.Rd5
{ [%eval -33,15] [%emt 0:00:40] (Ne4) } 71...Kc3
{ [%eval 101,16] [%emt 0:00:25] (Rc4) } 72.Nd1+
{ [%eval -1, 15] [%emt 0:00:36] (Nd1) } 72...Kd3
{ [%eval 84,16] [%emt 0:00:18] (Kd3) } 73.Rd8
{ [%eval -14,15] [%emt 0:00:39] (Rd8) } 73...Re7
{ [%eval 87,16] [%emt 0:00:20] (Re7) } 74.Kf2
{ [%eval -12,15] [%emt 0:00:35] (Nb2) } 74...Rf7+
{ [%eval 87,16] [%emt 0:00: 24] (Re2) } 75.Kg2
{ [%eval 0,16] [%emt 0:00:36] (Kg2) } 75...Kc4
{ [%eval 80,17] [%emt 0:00:58] (Kc4) } 76.Ne3+
{ [%eval 0,16] [%emt 0:00:47] (Ne3) } 76...Kd3
{ [%eval 86,17] [%emt 0:00:28] (Kc3) } 77.Nd1
{ [%eval 0,19] [%emt 0:00:48] (Nd1) } 77...Rc7
{ [%eval 90,16] [%emt 0:00:21] (Kc4) } 78.Nb2+
{ [%eval -12,14] [%emt 0:00: 49] (Nb2) } 78...Kc2
{ [%eval 62,17] [%emt 0:00:16] (Ke4) } 79.Rxd4
{ [%eval -5,17] [%emt 0:00:43] (Rxd4) } 79...Kxb2
{ [%eval 50,16] [%emt 0:00:02] (Kxb2) } 80.Rg4
{ [%eval -9,16] [%emt 0:01:05] (b5) } 80...Kc3
{ [%eval 90,17] [%emt 0:00:15] (Kc3) } 81.Kf3
{ [%eval -9,17] [%emt 0:00:34] (Kf3) } 81...Rf7+
{ [%eval 80,18] [%emt 0:00:47] (Kd3) } 82.Ke2
{ [%eval -9,16] [%emt 0:00:34] (Kg2) } 82...Re7+
{ [%eval 80,19] [%emt 0:00:31] (Re7) } 83.Kf2
{ [%eval -8,17] [%emt 0:00:34] (Kf3) } 83...Rf7+
{ [%eval 80, 19] [%emt 0:00:44] (Kd3) } 84.Ke2
{ [%eval 0,22] [%emt 0:00:34] (Kg2) } 84...Re7+
{ [%eval 80,20] [%emt 0:00:46] (Re7) } 85.Kf2
{ [%eval 0,22] [%emt 0:00:28] (Kf3) } 85...Rd7
{ [%eval 79,19] [%emt 0:00:57] (Kd3) } 86.Kf3
{ [%eval -9,17] [%emt 0:00:34] (Ke3) } 86...Rc7
{ [%eval 79,19] [%emt 0:00:56] (Kd3) } 87.Ke2
{ [%eval -6,17] [%emt 0: 00:34] (Rf4) } 87...Kb3
{ [%eval 76,19] [%emt 0:00:36] (Kb3) } 88.Kd2
{ [%eval -8,16] [%emt 0:00:34] (Ke3) } 88...Rf7
{ [%eval 76,20] [%emt 0:00:59] (Rd7) } 89.Kd3
{ [%eval -5,17] [%emt 0:00:35] (Ke3) } 89...Re7
{ [%eval 76,19] [%emt 0:00:28] (Rd7) } 90.Kd2
{ [%eval -1,16] [%emt 0:00:31] (Kd2) } 90...Rd7+
{ [%eval 76,19] [%emt 0:00:34] (Rd7) } 1/2-1/2

[Event "41st Amateur D7"]
[Site "ChessGUI4"]
[Date "2013.07.04"]
[Round "3.3"]
[White "FireFly 2.6.0 64-bit"]
[Black "Waxman 2011"]
[Result "1/2-1/2"]
[BlackElo "2256"]
[ECO "B12"]
[EventDate "2013.??.??"]
[TimeControl "40/1500:40/1500:40/1500"]
[WhiteElo "2258"]

{ i5 Quad } 1.e4 c6 2.d4 d5 3.e5 Bf5 4.Be3 e6 5.Nd2 Qb6 6.Nb3 Nd7 7.Be2 a5 8.a4 Ne7 9.Nf3 Bg4 { [%eval -25,12] [%emt 0:00:58] (Ng6) } 10.O-O
{ [%eval 76,11] [%emt 0:00:56] (O-O) } 10...Nf5
{ [%eval -24,12] [%emt 0:00:50] (Nf5) } 11.Bg5
{ [%eval 76,11] [%emt 0:00:55] (Bg5) } 11...Be7
{ [%eval -11, 13] [%emt 0:00:53] (h6) } 12.Bxe7
{ [%eval 76,12] [%emt 0:00:55] (Bxe7) } 12...Nxe7
{ [%eval -7,13] [%emt 0:00:58] (Nxe7) } 13.Bd3
{ [%eval 70,11] [%emt 0:00:54] (Ng5) } 13...Nf5
{ [%eval 3,13] [%emt 0:00:47] (Bh5) } 14.Bxf5
{ [%eval 58,13] [%emt 0: 00:53] (Bxf5) } 14...Bxf5
{ [%eval 6,13] [%emt 0:00:51] (Bxf5) } 15.Nh4
{ [%eval 52,12] [%emt 0:00:52] (Qe2) } 15...Be4
{ [%eval 6,13] [%emt 0:00:35] (Be4) } 16.f3
{ [%eval 54,12] [%emt 0:00:52] (f3) } 16...Bg6
{ [%eval 6,13] [%emt 0:00:41] (Bg6) } 17.Nxg6
{ [%eval 32,12] [%emt 0:00:51] (Nxg6) } 17...fxg6
{ [%eval 0,13] [%emt 0:00:41] (hxg6) } 18.Qd2
{ [%eval 47,11] [%emt 0:00:41] (Qd2) } 18...O-O
{ [%eval 10,13] [%emt 0:00:56] (O-O) } 19.Qf2
{ [%eval 42,11] [%emt 0:00:41] (Rfe1) } 19...Rf5
{ [%eval 35,12] [%emt 0:00:40] (Rfc8) } 20.Rfe1
{ [%eval 40,11] [%emt 0:00:41] (Kh1) } 20...Qb4
{ [%eval 44, 13] [%emt 0:00:37] (Qb4) } 21.Ra3
{ [%eval 37,10] [%emt 0:00:40] (Qd2) } 21...b6
{ [%eval 32,14] [%emt 0:01:12] (Qc4) } 22.Qf1
{ [%eval 35,11] [%emt 0:00:40] (Qe2) } 22...Rf4
{ [%eval 49,13] [%emt 0:00:38] (Raf8) } 23.c3
{ [%eval 38,11] [%emt 0:00: 39] (c3) } 23...Qe7
{ [%eval 25,14] [%emt 0:00:58] (Qe7) } 24.Qe2
{ [%eval 33,11] [%emt 0:00:39] (c4) } 24...c5
{ [%eval 40,12] [%emt 0:00:45] (Raf8) } 25.Qb5
{ [%eval 46,11] [%emt 0:00:39] (c4) } 25...c4
{ [%eval 32,13] [%emt 0:00:37] (c4) } 26.Nd2
{ [%eval 34,11] [%emt 0:00:38] (Qc6) } 26...Rc8
{ [%eval 36,13] [%emt 0:00:36] (g5) } 27.Rb1
{ [%eval 28,11] [%emt 0:00:38] (Nf1) } 27...Rf7
{ [%eval 39,13] [%emt 0:00:34] (Rff8) } 28.b4
{ [%eval 18,12] [%emt 0:00:37] (Nf1) } 28...Ra8
{ [%eval 23,12] [%emt 0: 00:49] (Qg5) } 29.Raa1
{ [%eval 34,12] [%emt 0:00:37] (Raa1) } 29...axb4
{ [%eval 8,14] [%emt 0:00:44] (axb4) } 30.Qxb4
{ [%eval 34,12] [%emt 0:00:36] (Qxb4) } 30...Qxb4
{ [%eval 7,14] [%emt 0:00:41] (Qxb4) } 31.Rxb4
{ [%eval 30,12] [%emt 0:00:36] (Rxb4) } 31...Ra6
{ [%eval 0,14] [%emt 0:00:32] (g5) } 32.Kf2
{ [%eval 24,12] [%emt 0: 00:35] (g3) } 32...Rf8
{ [%eval 2,16] [%emt 0:00:37] (Rf8) } 33.Nf1
{ [%eval 23,12] [%emt 0:00:35] (Nf1) } 33...Rfa8
{ [%eval 5,16] [%emt 0:00:34] (g5) } 34.Ne3
{ [%eval 26,12] [%emt 0:00:34] (Ne3) } 34...g5
{ [%eval 5,16] [%emt 0:01:26] (g5) } 35.g3
{ [%eval 14,12] [%emt 0:00:33] (Nc2) } 35...Ra5
{ [%eval 5,15] [%emt 0:00:27] (Kf7) } 36.Nc2
{ [%eval 12,12] [%emt 0:00:33] (Nc2) } 36...h6
{ [%eval 4,16] [%emt 0:00:39] (Kf7) } 37.g4
{ [%eval 26,12] [%emt 0:00:32] (h3) } 37...g6
{ [%eval 17,14] [%emt 0:00:36] (Kf7) } 38.Kg3
{ [%eval 22,13] [%emt 0:00:31] (Kg3) } 38...Kg7
{ [%eval 20,15] [%emt 0: 00:44] (Kg7) } 39.f4
{ [%eval 20,12] [%emt 0:00:30] (Kg2) } 39...gxf4+
{ [%eval 38,14] [%emt 0:00:10] (gxf4) } 40.Kxf4
{ [%eval 26,11] [%emt 0:00:23] (Kxf4) } 40...Rf8+
{ [%eval 30,14] [%emt 0:00:15] (g5) } 41.Ke3
{ [%eval 19,11] [%emt 0:00:35] (Kg3) } 41...Raa8
{ [%eval 26,14] [%emt 0:00:38] (Raa8) } 42.Rb5
{ [%eval 25,12] [%emt 0:00: 35] (Rb5) } 42...Rf7
{ [%eval 64,15] [%emt 0:00:39] (Rf7) } 43.a5
{ [%eval -2,12] [%emt 0:00:35] (a5) } 43...bxa5
{ [%eval 48,15] [%emt 0:00:29] (bxa5) } 44.Raxa5
{ [%eval 0,12] [%emt 0:00:35] (Rbxa5) } 44...Raf8
{ [%eval 63,15] [%emt 0:00:42] (Raf8) } 45.Ra6
{ [%eval -2,12] [%emt 0:00:35] (Ne1) } 45...Rf1
{ [%eval 30,14] [%emt 0:00:38] (Rf3) } 46.Rb7
{ [%eval 0,12] [%emt 0:00:35] (Rb7) } 46...R8f3+
{ [%eval 58,16] [%emt 0:00:34] (R8f3) } 47.Kd2
{ [%eval 0,12] [%emt 0:00:35] (Ke2) } 47...R3f2+
{ [%eval 73, 17] [%emt 0:00:27] (R3f2) } 48.Ke3
{ [%eval 0,12] [%emt 0:00:00] (Ke3) } 48...Rxc2 49.Rxd7+
{ [%eval -32,14] [%emt 0:00:36] (Rxd7) } 49...Rf7
{ [%eval 55,18] [%emt 0:00:39] (Rf7) } 50.Rxf7+
{ [%eval -32,15] [%emt 0:00: 36] (Rxf7) } 50...Kxf7
{ [%eval 68,18] [%emt 0:00:07] (Kxf7) } 51.Ra7+
{ [%eval -32,15] [%emt 0:00:36] (Ra7) } 51...Ke8
{ [%eval 48,20] [%emt 0:00:22] (Ke8) } 52.Ra8+
{ [%eval -32,15] [%emt 0:00:36] (Ra8) } 52...Kd7
{ [%eval 54,20] [%emt 0:00:33] (Kd7) } 53.Ra3
{ [%eval -32,15] [%emt 0:00:36] (Ra7) } 53...Rxh2
{ [%eval 68,20] [%emt 0:00: 25] (g5) } 54.Ra7+
{ [%eval -59,15] [%emt 0:00:36] (Ra7) } 54...Kd8
{ [%eval 68,20] [%emt 0:00:24] (Kc8) } 55.Ra6
{ [%eval -30,15] [%emt 0:00:36] (Ra6) } 55...Rc2
{ [%eval 27,19] [%emt 0:00:41] (Ke7) } 56.Rxe6
{ [%eval -90,15] [%emt 0:00:36] (Rxe6) } 56...Rxc3+
{ [%eval 19,18] [%emt 0:00:19] (Rxc3) } 57.Ke2
{ [%eval -49,15] [%emt 0:00:36] (Ke2) } 57...Rd3
{ [%eval 41,18] [%emt 0:00:33] (Rd3) } 58.Rd6+
{ [%eval -48,16] [%emt 0:00:36] (Rd6) } 58...Ke7
{ [%eval 56,19] [%emt 0:00:31] (Ke7) } 59.Rxd5
{ [%eval -35,16] [%emt 0:00:36] (Rxd5) } 59...h5
{ [%eval 31,18] [%emt 0:00: 39] (h5) } 60.gxh5
{ [%eval -40,16] [%emt 0:00:36] (g5) } 60...gxh5
{ [%eval 106,17] [%emt 0:00:12] (gxh5) } 61.Rd6
{ [%eval -40,14] [%emt 0:00:36] (Kf2) } 61...h4
{ [%eval 123,18] [%emt 0:00:39] (h4) } 62.d5
{ [%eval 0,14] [%emt 0:00:36] (Rc6) } 62...h3
{ [%eval 83,18] [%emt 0:01:36] (h3) } 63.Rh6
{ [%eval 0,14] [%emt 0:00:36] (Rc6) } 63...Rxd5
{ [%eval 132,18] [%emt 0:00:17] (Ke8) } 64.Rxh3
{ [%eval 0,14] [%emt 0:00:36] (Rxh3) } 64...Rxe5+
{ [%eval 163,16] [%emt 0:00:45] (Kd7) } 1/2-1/2

[Event "41st Amateur D7"]
[Site "ChessGUI4"]
[Date "2013.07.04"]
[Round "3.4"]
[White "ChessKiss 1.7 64-bit"]
[Black "ProChess 1.02AD"]
[Result "0-1"]
[BlackElo "2244"]
[ECO "C67"]
[EventDate "2013.??.??"]
[TimeControl "40/1500:40/1500:40/1500"]
[WhiteElo "2214"]

{ i5 Quad } 1.e4 e5 2.Nf3 Nc6 3.Bb5 Nf6 4.O-O Nxe4 5.d4 Nd6 6.Bxc6 dxc6 7.dxe5 Nf5 8.Qxd8+ Kxd8 9.Nc3 Bb4
{ [%eval -30,12] [%emt 0:01:06] (Be6) } 10.Ne4
{ [%eval 98,12] [%emt 0:00:41] (Ne4) } 10...Be6
{ [%eval -32,12] [%emt 0:00:49] (Be6) } 11.g4
{ [%eval 111,13] [%emt 0:00:40] (g4) } 11...Ne7
{ [%eval -14,13] [%emt 0:00:50] (Bd5) } 12.c3
{ [%eval 135,13] [%emt 0:00:36] (Nfg5) } 12...Ba5
{ [%eval -11,13] [%emt 0:01:03] (Bd5) } 13.Nfg5
{ [%eval 143,13] [%emt 0:00:38] (Nc5) } 13...Bd5
{ [%eval -7,13] [%emt 0:01:13] (Bd5) } 14.e6
{ [%eval 123,13] [%emt 0:00:38] (e6) } 14...Bxe6
{ [%eval -15,13] [%emt 0:00:50] (Bxe6) } 15.Nxe6+
{ [%eval 134,14] [%emt 0:00:32] (Nxe6) } 15...fxe6
{ [%eval -15,14] [%emt 0:00:49] (fxe6) } 16.a4
{ [%eval 134,13] [%emt 0:00:31] (a4) } 16...a6
{ [%eval -20,13] [%emt 0:00:45] (a6) } 17.Nc5
{ [%eval 116,14] [%emt 0:00:32] (Ng5) } 17...Ke8
{ [%eval -7,13] [%emt 0:00:44] (Kc8) } 18.Bg5
{ [%eval 117,12] [%emt 0:00:27] (Nxe6) } 18...Nd5
{ [%eval 2,13] [%emt 0:01:26] (Kf7) } 19.Nxb7
{ [%eval 82,12] [%emt 0:00:32] (Rfe1) } 19...Bb6
{ [%eval 10,14] [%emt 0:00:53] (Bb6) } 20.a5
{ [%eval 35,14] [%emt 0:00:30] (c4) } 20...Ba7
{ [%eval 63,14] [%emt 0:00:39] (Ba7) } 21.c4
{ [%eval 18,12] [%emt 0:00:24] (c4) } 21...Nf6
{ [%eval 70,13] [%emt 0:00:32] (Rb8) } 22.Rae1
{ [%eval -28,12] [%emt 0:00:30] (b4) } 22...Rb8
{ [%eval 126,14] [%emt 0:00:24] (Rb8) } 23.Bxf6
{ [%eval -91,14] [%emt 0:00:36] (Bxf6) } 23...gxf6
{ [%eval 154,16] [%emt 0: 00:26] (gxf6) } 24.Rxe6+
{ [%eval -64,15] [%emt 0:00:28] (Rxe6) } 24...Kd7
{ [%eval 150,16] [%emt 0:00:52] (Kd7) } 25.Rxf6
{ [%eval -71,15] [%emt 0:00:32] (Rxf6) } 25...Rxb7
{ [%eval 154,15] [%emt 0:01:03] (Rxb7) } 26.Rd1+
{ [%eval -112,14] [%emt 0: 00:26] (Rd1) } 26...Kc8
{ [%eval 156,15] [%emt 0:01:01] (Kc8) } 27.Rxc6
{ [%eval -85, 14] [%emt 0:00:25] (Rd2) } 27...Rxb2
{ [%eval 159,13] [%emt 0:00:29] (Rxb2) } 28.Rxa6
{ [%eval -94,14] [%emt 0:00:24] (Rxa6) } 28...Bxf2+
{ [%eval 171,13] [%emt 0:00:14] (Bxf2) } 29.Kh1
{ [%eval -85,14] [%emt 0:00:24] (Kh1) } 29...Kb8
{ [%eval 173,12] [%emt 0:00:16] (Re8) } 30.Rf6
{ [%eval -58,12] [%emt 0:00:23] (h3) } 30...Rc2
{ [%eval 207,12] [%emt 0:00:25] (Re8) } 31.h3
{ [%eval -68,11] [%emt 0:00:22] (Rb1) } 31...Bc5
{ [%eval 230,12] [%emt 0:00:12] (Bc5) } 32.Rf7
{ [%eval -105,11] [%emt 0:00:23] (Rf7) } 32...Rxc4
{ [%eval 243,11] [%emt 0:00:19] (Rxc4) } 33.Rdd7
{ [%eval -136,11] [%emt 0:00:21] (Kg2) } 33...Rc2
{ [%eval 506,13] [%emt 0:00:22] (Ra4) } 34.Rxc7
{ [%eval -93,11] [%emt 0:00:20] (Rd1) } 34...Re8
{ [%eval 840,16] [%emt 0:00: 21] (Rc1) } 35.Rfe7
{ [%eval -977,13] [%emt 0:00:20] (Rfe7) } 35...Rxe7
{ [%eval 847, 15] [%emt 0:00:25] (Rxe7) } 36.Rxe7
{ [%eval -1091,13] [%emt 0:00:19] (Rxe7) } 36...Bxe7
{ [%eval 885,14] [%emt 0:01:22] (Bxe7) } 37.Kg1
{ [%eval -1107,12] [%emt 0: 00:19] (Kg1) } 37...Kb7
{ [%eval 886,13] [%emt 0:02:28] (Bc5) } 38.Kf1
{ [%eval -1111, 11] [%emt 0:00:18] (Kf1) } 0-1